AoeStats
← El dengue

Arabia

510207919Analyzed
1v1 RM · 2d ago on Sep 30, 2026· 42m 5s· 2 players
Game mode
Random Map
Map size
Tiny (2 player)
Population
200
Speed
Normal
Resources
Standard
Victory
Conquest
Starting age
Dark Age
Ending age
Imperial Age
RankedLock teamsTeams togetherTeam positionsShared explorationLock speedFull tech treeHidden civsTurbo modeCheats
Victory
Defeat
🇦🇷 Burmese · Argentina
895
+18
🇧🇷 Varangians · Brazil
939
-18
El dengue
8:23 Loom
10:18 Feudal Age
10:21 Man-at-Arms
17:36 Loom
21:28 Castle Age
19:46 Fletching
21:49 Elite Skirmisher
22:21 Pikeman
22:23 Long Swordsman
23:19 Gold Mining
25:49 Pikeman
39:06 Imperial Age
37:08 Scale Mail Armor
37:19 Forging
39:55 Ballistics
40:28 Howdah
Rayox_Sr_Ñeque
7:04 Loom
9:19 Feudal Age
10:22 Double-Bit Axe
10:58 Horse Collar
12:55 Arson
21:50 Castle Age
23:15 Wheelbarrow
24:39 Stone Mining
26:29 Scale Barding Armor
26:35 Forging
26:58 Husbandry
27:46 Chain Barding Armor
28:55 Bloodlines
29:48 Iron Casting
Connection lost

Rejoining the realm…

Still unreachable

The connection could not be restored.

Session expired

The server has moved on; the page needs a fresh start.